Map: Néo-Gettysburg EC

Players

Worming - Winner!

  • Race: Zerg Zerg
  • League: Diamond

Dutes

  • Race: Terran Terran
  • League: Diamond

VOD

Have the link to the VOD?

Description

Time

  • Played on: Oct. 31, 2016, 2:46 p.m.
  • Length: 16:41
Show
View Real Time Build Order
Export as new Build Order

Worming Zerg - Winner!

Build Orders: Hatch First 

Get SALT Encoding   

  12  0:01  Drone  
  13  0:13  Overlord  
  13  0:18  Drone  
  14  0:31  Drone x2  
  16  0:36  Drone  
  17  0:53  Unknown, Hatchery  
  17  0:56  Drone  
  17  1:01  Drone  
  17  1:03  Extractor  
  17  1:18  Spawning Pool  
  16  1:19  Drone  
  16  1:22  Drone  
  18  1:35  Drone  
  19  1:44  Overlord  
  19  2:00  Drone  
  20  2:04  Queen, Unknown  
  20  2:05  Zergling x4  
  20  2:06  Queen  
  26  2:12  Metabolic Boost  
  26  2:28  Drone x4  
  30  2:34  Overlord  
  30  2:42  Queen  
  32  2:45  Drone x2  
  32  2:50  Overlord  
  33  3:03  Drone x2  
  35  3:06  Overlord  
  35  3:13  Drone x3  
  35  3:15  Drone x4  
  42  3:23  Pneumatized Carapace  
  42  3:29  Extractor  
  41  3:37  Overlord  
  41  3:42  Unknown, Hatchery  
  41  3:46  Zergling x8  
  44  3:51  Baneling Nest  
  43  3:55  Drone  
  43  3:56  Drone  
  43  3:57  Drone x3  
  43  4:02  Overlord  
  48  4:18  Evolution Chamber  
  48  4:19  Evolution Chamber  
  46  4:25  Drone x9  
  55  4:32  Extractor  
  55  4:33  Extractor  
  55  4:36  Queen  
  54  4:47  Overlord  
  54  4:48  Zergling x2  
  54  4:49  Zergling x6  
  54  4:52  Zerg Ground Armor Level 1  
  58  4:54  Unknown, Zerg Missile Weapons Level 1  
  58  5:10  Drone x8  
  66  5:23  Lair  
  66  5:34  Drone x5  
  71  5:36  Drone x2  
  71  5:41  Unknown, Hatchery  
  71  5:50  Drone x7  
  71  5:53  Extractor  
  71  5:55  Extractor  
  74  6:01  Drone x3  
  74  6:02  Roach Warren  
  74  6:04  Drone x3  
  78  6:08  Overlord x2  
  78  6:09  Overlord  
  79  6:14  Queen  
  79  6:18  Baneling x10  
  81  6:35  Centrifical Hooks  
  81  6:44  Roach x11  
  81  6:45  Roach x3  
  108  6:52  Unknown  
  105  7:01  Roach  
  105  7:02  Roach x4  
  105  7:03  Glial Reconstitution  
  108  7:10  Zerg Ground Armor Level 2, Zerg Missile Weapons Level 2  
  106  7:24  Drone x3  
  106  7:25  Drone x3  
  106  7:26  Drone x2  
  106  7:28  Drone x5  
  119  7:34  Overlord  
  119  7:42  Overlord x4  
  119  7:43  Overlord  
  119  7:49  Infestation Pit  
  119  7:51  Overlord  
  118  7:52  Overlord  
  118  8:15  Drone x9  
  118  8:16  Drone x8  
  118  8:19  Extractor  
  134  8:21  Extractor  
  133  8:29  Ravager x5  
  133  8:33  Pathogen Glands, Hive  
  138  8:34  Spore Crawler  
  138  8:36  Spine Crawler  
  136  8:43  Spine Crawler  
  136  8:47  Spine Crawler  
  134  8:57  Overlord x5  
  134  9:01  Hydralisk Den  
  133  9:04  Spire  
  133  9:07  Overlord  
  133  9:08  Spire, Overlord  
  131  9:11  Spore Crawler  
  124  9:30  Muscular Augments  
  124  9:43  Unknown, Hatchery  
  123  9:47  Unknown, Hatchery  
  123  9:48  Hydralisk x2  
  123  9:49  Roach x3, Hydralisk x5  
  123  9:50  Roach x4  
  123  9:51  Roach x7  
  164  9:55  Tunneling Claws  
  164  9:59  Burrow  
  164  10:17  Overlord x2  
  164  10:20  Zerg Flyer Weapons Level 1  
  164  10:22  Greater Spire  
  164  10:23  Corruptor x7  
  177  10:55  Unknown, Lurker Den  
  177  10:59  Unknown  
  177  11:02  Queen x2  
  181  11:06  Drone x4  
  185  11:12  Hydralisk x2  
  189  11:39  Brood Lord  
  199  11:40  Brood Lord x4  
  199  11:53  Hydralisk  
  197  12:06  Spire  
  197  12:07  Ultralisk Cavern  
  187  12:10  Roach Warren  
  187  12:11  Lair  
  187  12:12  Infestation Pit  
  187  12:13  Hydralisk Den  
  165  12:20  Zerg Flyer Weapons Level 2  
  165  12:21  Zerg Flyer Armor Level 1  
  139  12:35  Brood Lord x2  
  135  12:38  Hydralisk x6  
  135  12:39  Hydralisk x5  
  149  12:52  Extractor  
  149  12:53  Extractor  
  143  13:08  Roach x5  
  153  13:17  Queen x3  
  159  13:21  Drone x3  
  159  13:25  Roach x11  
  159  13:26  Spine Crawler  
  183  13:28  Hydralisk x4  
  191  13:41  Drone x3  
  151  14:12  Hydralisk x2  
  151  14:13  Roach x4, Hydralisk x3  
  151  14:14  Roach  
  143  14:34  Hydralisk  
  143  14:35  Roach x2, Hydralisk x3  
  143  14:36  Roach x3  
  155  14:42  Drone x2  
  151  14:57  Unknown, Hatchery  
  151  14:59  Zergling x8  
  150  15:37  Corruptor x2, Hydralisk x3  
  150  15:38  Zergling x12  
  166  15:56  Corruptor x2  
  161  15:57  Roach  
  161  15:58  Roach x2  
  165  16:09  Unknown  
  165  16:16  Extractor  
  165  16:17  Drone x3  
Show
View Real Time Build Order
Export as new Build Order

Dutes Terran 

Build Orders: Command Center First (CC), Mech 

Get SALT Encoding   

  12  0:01  SCV  
  13  0:13  SCV  
  14  0:25  SCV  
  14  0:27  Supply Depot  
  15  0:48  SCV  
  16  1:01  SCV  
  17  1:05  Command Center, Unknown  
  17  1:13  SCV  
  18  1:21  Barracks  
  18  1:25  SCV  
  19  1:37  SCV  
  20  1:46  Supply Depot  
  20  1:49  SCV  
  21  2:01  SCV  
  21  2:03  Refinery x2  
  21  2:07  Marine  
  23  2:12  Barracks  
  23  2:16  Unknown  
  23  2:19  Supply Depot  
  23  2:25  Marine  
  23  2:27  Orbital Command  
  24  2:36  Orbital Command  
  24  2:49  Marine  
  25  2:58  SCV  
  26  3:05  Marine  
  27  3:07  Factory  
  27  3:08  SCV  
  27  3:10  SCV  
  27  3:11  Marine  
  30  3:20  SCV, Factory  
  30  3:22  SCV  
  30  3:23  Marine  
  34  3:34  SCV x2  
  35  3:46  SCV x2  
  37  3:58  SCV x2  
  37  3:59  Factory Tech Lab  
  37  4:00  Command Center, Unknown  
  39  4:03  Supply Depot  
  39  4:10  SCV  
  39  4:11  SCV  
  41  4:22  SCV  
  41  4:23  SCV  
  43  4:25  Factory Reactor  
  43  4:26  Infernal Pre-Igniter  
  43  4:30  Armory  
  43  4:33  Refinery  
  43  4:34  SCV  
  43  4:35  SCV  
  43  4:36  Refinery  
  43  4:37  Supply Depot  
  45  4:50  Hellion  
  47  4:53  SCV  
  47  4:54  SCV  
  47  4:55  Engineering Bay  
  49  5:05  SCV  
  49  5:06  SCV  
  51  5:11  Unknown, Hellion  
  51  5:12  Bunker, Orbital Command  
  53  5:17  Hellion  
  53  5:18  SCV x2, Hellion  
  53  5:19  Terran Vehicle Weapons Level 1  
  59  5:24  Missile Turret, Factory  
  59  5:28  Missile Turret  
  59  5:30  SCV x2  
  59  5:33  Hellion  
  63  5:37  SCV  
  63  5:39  Hellion  
  63  5:42  SCV  
  67  5:47  Hellion  
  67  5:48  SCV  
  67  5:49  SCV  
  71  5:54  SCV, Hellion  
  71  5:55  Missile Turret  
  74  6:00  Hellion  
  76  6:09  Supply Depot, Hellion  
  78  6:13  Missile Turret  
  78  6:16  Hellion  
  80  6:34  Hellion x2  
  80  6:35  Hellion  
  84  6:55  Hellion  
  84  7:08  SCV x3  
  83  7:16  Siege Tank  
  83  7:20  SCV x3  
  83  7:21  Factory Tech Lab  
  89  7:26  Terran Vehicle Weapons Level 2  
  89  7:30  Armory  
  89  7:32  SCV  
  89  7:36  Factory  
  90  7:37  Factory  
  90  7:38  Factory  
  90  7:39  SCV  
  90  7:40  SCV, Supply Depot  
  90  7:42  Refinery  
  92  7:44  SCV, Refinery  
  92  7:48  Siege Tank  
  96  7:52  SCV  
  96  7:53  Siege Tank  
  96  7:54  Command Center, Unknown  
  100  8:05  Supply Depot  
  99  8:18  Hellbat x2  
  103  8:20  Siege Tank  
  103  8:22  Factory Tech Lab  
  103  8:23  Factory Tech Lab x2  
  103  8:25  Siege Tank  
  105  8:28  Supply Depot  
  105  8:40  Supply Depot  
  105  8:44  Command Center, Unknown  
  105  8:52  Siege Tank  
  108  8:56  Command Center, Unknown  
  108  8:57  Siege Tank  
  108  9:00  Starport, Terran Vehicle And Ship Armor Level 1  
  111  9:03  Supply Depot  
  111  9:06  Thor  
  111  9:07  Siege Tank  
  120  9:13  SCV  
  120  9:14  SCV  
  120  9:16  Missile Turret  
  120  9:24  Siege Tank  
  120  9:26  SCV  
  120  9:29  Thor  
  130  9:41  Siege Tank  
  130  9:42  Thor  
  139  9:47  Starport Reactor  
  139  9:49  Thor, Starport  
  139  9:52  Supply Depot  
  145  9:56  Thor, Unknown  
  151  10:08  Unknown  
  151  10:10  Planetary Fortress  
  151  10:11  Missile Turret  
  151  10:13  SCV  
  152  10:18  SCV  
  152  10:19  SCV  
  154  10:21  Siege Tank  
  154  10:22  Hellbat x2  
  154  10:23  Siege Tank  
  154  10:25  Thor  
  154  10:27  Starport Reactor, Viking x2  
  174  10:31  Refinery  
  174  10:43  Supply Depot x2  
  174  10:54  Refinery  
  174  10:57  Viking  
  174  11:01  Viking  
  178  11:05  Thor, Siege Tank  
  178  11:07  Siege Tank  
  178  11:08  Hellbat x3  
  196  11:27  Viking  
  196  11:28  Supply Depot  
  196  11:31  Viking  
  171  12:33  Command Center x2, Unknown x2  
  157  12:48  Viking x2  
  139  13:05  Terran Vehicle Weapons Level 3  
  105  13:06  Terran Vehicle And Ship Armor Level 2  
  105  13:08  Viking x2  
  105  13:10  Siege Tank x2  
  105  13:12  Siege Tank x2  
  119  13:18  Viking x2  
  123  13:21  SCV x3  
  126  13:28  Supply Depot  
  126  13:31  Hellbat x2  
  126  13:32  Supply Depot  
  126  13:33  SCV x3  
  133  13:35  Supply Depot  
  133  13:38  Viking x2  
  137  13:45  SCV x2, Unknown x2  
  137  13:48  Viking x2  
  140  13:51  Supply Depot  
  140  13:52  Hellbat x2  
  144  13:58  Supply Depot  
  144  14:08  Viking x2  
  130  14:13  Hellbat x3, Siege Tank  
  130  14:14  Hellbat  
  124  14:18  Viking x2  
  92  14:35  Hellbat x2, Siege Tank  
  92  14:38  Viking x2  
  103  14:45  Siege Tank  
  93  14:56  Hellbat  
  88  15:02  Viking x2  
  88  15:05  Hellbat  
  84  15:07  Siege Tank  
  84  15:08  Viking x2  
  79  15:17  Hellbat, Siege Tank  
  80  15:39  Siege Tank  
  83  15:44  Orbital Command  
  77  16:07  Siege Tank  
  77  16:08  Hellbat  
  77  16:09  Hellbat  
  87  16:29  Refinery x2  
Tags
 
Add a new tag
Caveats
  • Supply blocks, unpowered buildings, or Contaminate may cause inaccurate times.
  • Supply counts are checked every 10 seconds.